 Dungeon Crawl Stone Soup version 0.28-a0-794-gafe8c5f9e9 (webtiles) character file.

Game seed: 5350085775641291205

3831 vurker the Thaumaturge (level 10, -2/76 HPs)
             Began as a Djinni Air Elementalist on Nov 5, 2021.
             Was a Believer of Makhleb.
             Killed from afar by an acid dragon (29 damage)
             ... with a splash of acid
             ... on level 10 of the Dungeon.
             The game lasted 00:09:48 (5388 turns).

vurker the Thaumaturge (Djinni Air Elementalist)    Turns: 5388, Time: 00:09:48

Health: -2/76      AC:  7    Str:  7    XL:     10   Next: 40%
Gold:   225        EV: 13    Int: 20    God:    Makhleb [**....] SH:  0 Dex: 14

rFire   + + .      SeeInvis .   h - +2 whip (elec)
rCold   x . .      Faith    .   (no shield)
rNeg    . . .      Spirit   .   a - +0 robe
rPois   ∞          Reflect  .   e - +1 helmet
rElec   .          Harm     .   (no cloak)
rCorr   .          Rampage  .   r - +2 pair of gloves
Will    +....                   (boots unavailable)
Stlth   ++........              j - amulet of regeneration
HPRegen 1.22/turn               (no ring)
MPRegen 0.00/turn               (no ring)

@: flying
A: sickness immunity, fire resistance 2, cold vulnerability 1, float, innate
caster, hp casting, extra vitality 1
a: Renounce Religion, Minor Destruction


You were on level 10 of the Dungeon.
You worshipped Makhleb.
Makhleb was pleased with you.
You visited 1 branch of the dungeon, and saw 8 of its levels.

You collected 225 gold pieces.

Inventory:

Hand Weapons
 h - a +2 whip of electrocution (weapon)
   (You took it off a kobold on level 1 of the Dungeon)
Armour
 a - a +0 robe (worn)
 e - a +1 helmet (worn)
   (You found it on level 1 of the Dungeon)
 r - a +2 pair of gloves (worn)
   (You found it on level 3 of the Dungeon)
Jewellery
 j - an amulet of regeneration (around neck)
   (You found it on level 2 of the Dungeon)
 k - a ring of positive energy
   (You found it on level 6 of the Dungeon)
Wands
 g - a wand of mindburst (1)
   (You found it on level 6 of the Dungeon)
 t - a wand of charming (5)
   (You took it off Ijyb on level 4 of the Dungeon)
Scrolls
 b - 3 scrolls of enchant armour
 n - a scroll of brand weapon
 p - 4 scrolls of enchant weapon
 v - a scroll of magic mapping
Potions
 c - 2 potions of heal wounds
 d - 2 potions of invisibility {unknown}
 f - a potion of resistance {unknown}
 i - a potion of curing
 l - 2 potions of attraction {unknown}
 m - a potion of brilliance {unknown}
 q - 2 potions of haste {unknown}
 s - a potion of mutation {unknown}
 u - a potion of flight {unknown}


   Skills:
 + Level 7.7 Fighting
 + Level 4.1 Dodging
 - Level 1.5 Stealth
 * Level 9.0 Spellcasting
 + Level 3.0 Invocations


You had 9 spell levels left.
You knew the following spells:

 Your Spells              Type           Power      Damage    Failure   Level
a - Shock                 Conj/Air       100%       1d9       1%          1
b - Static Discharge      Conj/Air       45%        N/A       1%          2
c - Airstrike             Air            22%        N/A       1%          4
d - Swiftness             Air            45%        N/A       1%          3
e - Freeze                Ice            100%       1d11      1%          1
f - Wereblood             Tmut           45%        N/A       1%          2
g - Passwall              Tmut/Erth      37%        N/A       1%          2
h - Dazzling Flash        Conj/Hex       90%        N/A       1%          3
Your spell library was empty.

Dungeon Overview and Level Annotations

Branches:
Dungeon (7/15)             Temple (0/1) D:5

Altars:
Elyvilon
Fedhas
Gozag
Makhleb
Nemelex Xobeh
Ru
Trog
Vehumet

Shops:
D:3 :

Annotations:
D:3 2 transporters, kal9871's ghost, amateur DEAM


Innate Abilities, Weirdness & Mutations

You are immune to sickness and miasma.
You are immune to poison.
Your flesh is very heat resistant. (rF++)
You are vulnerable to cold. (rC-)
You float through the air rather than walking.
You learn spells naturally, not from books.
Your magical power is your life essence.
You have superior vitality. (+4 HP)


Message History

The yak gores you but does no damage.
Aim: a yak (empty space bonus: 6/8)
The air twists around and strikes the yak!
The yak gores you.
Aim: a yak (heavily wounded, 84% to hit)
The zap hits the yak. x2; The yak closely misses you.
Aim: a yak (heavily wounded, 84% to hit)
The zap misses the yak.
The zap hits the yak!
Aim: a yak (severely wounded, 84% to hit)
The zap hits the yak.
The yak misses you.
Aim: a yak (severely wounded, empty space bonus: 5/8)
The air twists around and strikes the yak!
You kill the yak!
Makhleb accepts your kill.
You feel better. The yak gores you. x2
Your Dodging skill increases to level 4!
Aim: a yak (lightly wounded, empty space bonus: 4/8)
The air twists around and strikes the yak!
The yak misses you. The yak gores you!
Aim: a yak (moderately wounded, empty space bonus: 4/8)
The air twists around and strikes the yak!
The yak gores you.
* * * LOW HITPOINT WARNING * * *
The yak gores you.
* * * LOW HITPOINT WARNING * * *
Aim: a yak (heavily wounded, empty space bonus: 4/8)
The air twists around and strikes the yak!
* * * LOW HITPOINT WARNING * * *
The yak gores you but does no damage. The yak misses you.
Aim: a yak (almost dead, chance to affect: 65%)
The yak's mind is blasted!
You blow up the yak!
Makhleb accepts your kill. The yak misses you.
Your Spellcasting skill increases to level 9!
Your Invocations skill increases to level 3!
Aim: a yak (chance to affect: 65%)
The yak's mind is blasted!!
The yak gores you.
* * * LOW HITPOINT WARNING * * *
Aim: a yak (heavily wounded, chance to affect: 65%)
The yak's mind is blasted!
The yak gores you!
* * * LOW HITPOINT WARNING * * *
Aim: a yak (almost dead, chance to affect: 65%)
The yak's mind is blasted!
You blow up the yak!
Makhleb accepts your kill.
You feel better. The acid dragon spits acid at you.
The splash of acid hits you!!
You die...

####
###########....
#..............
#..............
#..............
#..............
#......D.......
#....##'######
..... #..@....#
....###.......#
..D #.........#
.. #.........#
. #.........#
###########


You could see an acid dragon (catching breath).

Vanquished Creatures
  Maggie (D:6)
  A hornet (D:7)
  Grinder (D:5)
  Sigmund (D:4)
  Eustachio (D:6)
  4 yaks (D:10)
  Edmund (D:6)
  2 water moccasins
  Duvessa (D:4)
  An orc warrior (D:5)
  3 black bears
  A hornet zombie (D:6)
  An ice beast (D:6)
  2 sky beasts
  A necrophage (D:6)
  2 ogres
  A centaur (D:6)
  Blork the orc (D:5)
  A bullfrog (D:7)
  A scorpion (D:5)
  Dowan (D:4)
  A water moccasin zombie (D:6)
  2 howler monkeys
  A centaur zombie (D:3)
  2 hounds
  A bullfrog skeleton (D:6)
  2 orc priests (D:5)
  2 centaur skeletons
  Ijyb (D:4)
  Terence (D:2)
  4 orc wizards
  A howler monkey zombie (D:7)
  A gnoll (D:1)
  8 adders
  2 ufetubi
  An adder skeleton (D:4)
  A dart slug (D:3)
  18 orcs
  9 bats
  4 endoplasms
  A giant cockroach (D:4)
  4 hobgoblins
  8 jackals (D:3)
  7 kobolds
  3 quokkas
  3 ball pythons
  4 frilled lizards
  8 goblins
  5 rats
134 creatures vanquished.

Vanquished Creatures (others)
  12 plants
12 creatures vanquished.

Grand Total: 146 creatures vanquished

Notes
Turn   | Place    | Note
-------+----------+-------------------------------------------
     0 | D:1      | vurker the Djinni Air Elementalist began the quest for the
                  | Orb.
     0 | D:1      | Reached XP level 1. HP: 15/15 MP: 0/0
   164 | D:1      | Reached XP level 2. HP: 14/22 MP: 0/0
   281 | D:1      | Reached skill level 1 in Fighting
   555 | D:1      | Reached XP level 3. HP: 24/27 MP: 0/0
   555 | D:1      | Learned a level 1 spell: Freeze
   618 | D:1      | Reached skill level 3 in Spellcasting
  1337 | D:2      | Noticed Terence
  1347 | D:2      | Killed Terence
  1348 | D:2      | Reached XP level 4. HP: 18/33 MP: 0/0
  1663 | D:3      | Noticed an ogre
  1679 | D:3      | Killed an ogre
  1680 | D:3      | Reached skill level 4 in Spellcasting
  1680 | D:3      | Reached XP level 5. HP: 36/40 MP: 0/0
  1680 | D:3      | Learned a level 2 spell: Wereblood
  1680 | D:3      | Reached XP level 6. HP: 40/45 MP: 0/0
  1914 | D:3      | Found a transporter.
  1917 | D:3      | Noticed kal9871's ghost (amateur DEAM)
  1918 | D:3      | Found a transporter.
  2256 | D:3      | Found Fuqulawn's Book Boutique.
  2420 | D:4      | Found a burning altar of Makhleb.
  2459 | D:4      | Noticed Duvessa
  2459 | D:4      | Noticed Dowan
  2496 | D:4      | Killed Duvessa
  2496 | D:4      | Killed Dowan
  2497 | D:4      | Reached skill level 5 in Spellcasting
  2497 | D:4      | Reached XP level 7. HP: 16/51 MP: 0/0
  2497 | D:4      | Learned a level 2 spell: Passwall
  2519 | D:4      | Became a worshipper of Makhleb the Destroyer
  2878 | D:4      | Noticed Sigmund
  2892 | D:4      | Killed Sigmund
  2968 | D:4      | Noticed Ijyb
  2980 | D:4      | Killed Ijyb
  3205 | D:5      | Entered Level 5 of the Dungeon
  3216 | D:5      | Reached XP level 8. HP: 47/58 MP: 0/0
  3330 | D:5      | Reached skill level 6 in Spellcasting
  3330 | D:5      | Found a bloodstained altar of Trog.
  3373 | D:5      | Reached skill level 5 in Fighting
  3374 | D:5      | Noticed Blork the orc
  3410 | D:5      | Killed Blork the orc
  3454 | D:5      | Reached * piety under Makhleb
  3480 | D:5      | Found a staircase to the Ecumenical Temple.
  3500 | D:5      | Noticed Grinder
  3543 | D:5      | Killed Grinder
  3635 | D:5      | Found a white marble altar of Elyvilon.
  3783 | D:5      | Reached skill level 7 in Spellcasting
  3891 | D:5      | Reached XP level 9. HP: 60/66 MP: 0/0
  3891 | D:5      | Learned a level 3 spell: Dazzling Flash
  4244 | D:6      | Noticed Eustachio
  4248 | D:6      | Killed Eustachio
  4249 | D:6      | Reached skill level 8 in Spellcasting
  4296 | D:6      | Noticed Edmund
  4301 | D:6      | Killed Edmund
  4362 | D:6      | Found an opulent altar of Gozag.
  4445 | D:6      | Noticed Maggie
  4454 | D:6      | Killed Maggie
  4455 | D:6      | Reached skill level 1 in Invocations
  4549 | D:6      | Reached XP level 10. HP: 57/75 MP: 0/0
  4825 | D:7      | Found a sacrificial altar of Ru.
  4845 | D:7      | Found a blossoming altar of Fedhas.
  4925 | D:7      | Reached ** piety under Makhleb
  4940 | D:7      | Found a sparkling altar of Nemelex Xobeh.
  5355 | D:7      | You are sucked into a shaft and drop 3 floors!
  5355 | D:10     | Entered Level 10 of the Dungeon
  5386 | D:10     | Reached skill level 9 in Spellcasting
  5388 | D:10     | Killed from afar by an acid dragon

Illustrated notes

Levels and vault maps discovered:
D:1:      evilmike_arrival_rings, layout_loops_ring
D:2:      layout_rooms, minmay_misc_feat_rugged, minmay_liquid_box, uniq_terence
D:3:      layout_loops_cross, mainiacjoe_overflow_paths,
          gammafunk_ghost_mausoleum, serial_shops, nicolae_lakefront_shop,
          roderic_serpentine_path
D:4:      layout_loops_corners, mainiacjoe_overflow_chevrons,
          minmay_crystal_room, uniq_duvessa, uniq_ijyb, uniq_sigmund
D:5:      layout_basic, elyvilon_altar_4, trog_ov_bears_minmay,
          minmay_temple_entry_statues_pillars, serial_rivers,
          chequers_serial_rivers_large_b, chequers_serial_rivers_micro_a,
          chequers_serial_rivers_micro_c, chequers_serial_rivers_marsh,
          uniq_blork_the_orc, uniq_grinder
D:6:      layout_rooms, kennysheep_mini, serial_bayou_crossing, uniq_edmund,
          uniq_eustachio, uniq_maggie
D:7:      layout_gridville, nicolae_ru_sacrificial_ziggurat,
          amcnicky_altar_gilded, lemuel_doored_altar
D:10:     layout_irregular_city, kennysheep_mini_moat,
          pdpol_wu_jian_five_deadly_venoms, lair_entry_dummy, enter_bailey_3,
          serial_bayou_lagoon_b, uniq_maurice

Skill      XL: |  1  2  3  4  5  6  7  8  9 10 |
---------------+-------------------------------+-----
Fighting       | 1 2 3 4 5 7 |  7.7
Spellcasting   | 3 4 5 7 8 9 |  9.0
Invocations    | 1 3 |  3.0
Dodging        | 4 |  4.1
Stealth        | |  1.5

Action                   |  1- 3 |  4- 6 |  7- 9 | 10-12 || total
-------------------------+-------+-------+-------+-------++-------
Melee: Dagger            |       |       |     1 |       ||     1
 Cast: Shock             |    57 |    97 |    81 |     3 ||   238
       Airstrike         |       |       |    72 |    36 ||   108
Evoke: Wand              |       |       |       |     4 ||     4
  Use: Scroll            |       |       |     8 |     1 ||     9
Armor: Robe              |     2 |    13 |    14 |     2 ||    31
Dodge: Dodged            |     9 |    17 |    18 |     6 ||    50

Table legend: (Time is in decaauts)
 A = Elapsed time spent in this place.
 B = Non-inter-level travel time spent in this place.
 C = Inter-level travel time spent in this place.
 D = Time resting spent in this place.
 E = Time spent auto-exploring this place.
 F = Levels seen in this place.
 G = Mean time per level.
                   A        B        C        D        E       F      G
               +--------+--------+--------+--------+--------+-----+--------+
         Total |   5384 |   5249 |    135 |      0 |   4398 |   8 |  673.0 |
       Dungeon |   5384 |   5249 |    135 |      0 |   4398 |   8 |  673.0 |
               +--------+--------+--------+--------+--------+-----+--------+

Top non-repeatable levels by time:
     D:1: 1081 daAuts
     D:5: 889 daAuts
     D:4: 837 daAuts
     D:3: 771 daAuts
     D:7: 644 daAuts
     D:6: 614 daAuts
     D:2: 512 daAuts
    D:10: 32 daAuts
